AoeStats
← attila

Highland

505270347Analyzed
4v4 RM · 24d ago on Sep 8, 2026· 52m 52s· 8 players
Game mode
Random Map
Map size
Large (8 player)
Population
200
Speed
Normal
Resources
Standard
Victory
Conquest
Starting age
Dark Age
Ending age
Imperial Age
RankedLock teamsTeams togetherTeam positionsShared explorationLock speedFull tech treeHidden civsTurbo modeCheats
Victory
Defeat
🇮🇳 Aztecs · India
763
+11
🇹🇼 Mongols · Taiwan
739
+12
🇷🇴 Britons · Romania
739
+12
🇹🇷 Portuguese · Türkiye
534
+19
🇹🇷 Celts · Türkiye
677
-15
🇧🇷 Portuguese · Brazil
649
-14
🇹🇷 Britons · Türkiye
621
-13
🇷🇴 Khmer · Romania
590
-12
Adrian_kiss99
0:34 Loom
11:45 Feudal Age
13:29 Wheelbarrow
13:03 Double-Bit Axe
17:37 Horse Collar
20:09 Gold Mining
26:49 Castle Age
25:14 Stone Mining
25:41 Scale Barding Armor
26:27 Forging
27:45 Hand Cart
28:13 Bow Saw
28:37 Chain Barding Armor
29:08 Caravan
30:14 Heavy Plow
32:47 Iron Casting
35:56 Gold Shaft Mining
35:57 Stone Shaft Mining
37:16 Fletching
37:27 Padded Archer Armor
38:04 Bodkin Arrow
41:21 Imperial Age
39:28 Bloodlines
39:19 Husbandry
39:50 Leather Archer Armor
43:19 Tusk Swords
42:40 Elite Ballista Elephant
43:58 Ring Archer Armor
43:29 Bracer
50:54 Siphons
51:10 Ballistics
Wolf4848
11:17 Feudal Age
12:39 Wheelbarrow
11:48 Horse Collar
11:57 Double-Bit Axe
19:58 Castle Age
17:58 Stone Mining
18:31 Gold Mining
20:59 Hand Cart
20:49 Heavy Plow
21:04 Bow Saw
25:15 Gold Shaft Mining
31:36 Imperial Age
30:16 Yeomen
31:44 Padded Archer Armor
31:55 Forging
31:46 Scale Mail Armor
31:53 Fletching
33:23 Two-Man Saw
31:47 Elite Longbowman
32:28 Warwolf
32:57 Leather Archer Armor
33:45 Chemistry
33:05 Ballistics
32:12 Pikeman
32:54 Squires
34:03 Iron Casting
33:57 Conscription
33:56 Chain Mail Armor
33:25 Treadmill Crane
34:01 Murder Holes
34:10 Sappers
36:14 Hoardings
36:17 Ring Archer Armor
35:43 Bodkin Arrow
36:58 Blast Furnace
37:59 Bracer
38:30 Plate Mail Armor
37:32 Halberdier
attila
10:09 Feudal Age
11:26 Wheelbarrow
10:33 Horse Collar
10:42 Double-Bit Axe
13:54 Fishing Lines
14:11 Gold Mining
20:23 Castle Age
21:32 Hand Cart
21:21 Heavy Plow
21:34 Bow Saw
22:04 Gold Shaft Mining
21:20 Stone Mining
22:06 Loom
22:07 Town Watch
23:12 Gillnets
24:06 Stone Shaft Mining
25:10 Town Patrol
30:17 Imperial Age
27:49 Treadmill Crane
28:03 Guard Tower
28:24 Clinker Construction
28:35 Medium Warships
28:12 Pikeman
28:38 Arson
29:27 Murder Holes
29:44 Fortified Wall
29:44 Masonry
29:44 Gambesons
32:18 Carvel Hull
32:09 Careening
32:59 Heavy Warships
33:30 Siege Engineers
33:46 Shipwright
33:34 Scale Mail Armor
34:41 Conscription
35:38 Stronghold
36:25 Hoardings
35:22 Sappers
38:00 Chemistry
37:36 Keep
37:23 Dry Dock
37:25 Ballistics
36:41 Man-at-Arms
38:00 Arrowslits
38:06 Heated Shot
38:14 Long Swordsman
41:43 Onager
44:30 Elite Woad Raider
45:20 Two-Handed Swordsman
46:15 Forging
47:14 Chain Mail Armor
47:34 Iron Casting
47:54 Caravan
48:32 Coinage
48:13 Guilds
48:15 Caravan
49:46 Banking
48:49 Halberdier
Gods ;*
17:15 Feudal Age
21:12 Double-Bit Axe
22:44 Wheelbarrow
21:57 Horse Collar
23:52 Stone Mining
23:52 Gold Mining
26:07 Castle Age
30:26 Stone Shaft Mining
31:30 Ballistics
31:16 Siphons
31:23 Fortified Wall
32:16 Heavy Plow
33:13 Caravan
33:18 Treadmill Crane
33:49 Masonry
36:21 Imperial Age
36:32 Bow Saw
36:27 Heated Shot
36:48 Masonry
36:50 Scale Barding Armor
39:12 Chemistry
42:27 Arquebus
42:45 Cavalier
Agent P
8:57 Feudal Age
8:09 Loom
10:26 Double-Bit Axe
10:26 Horse Collar
18:32 Castle Age
19:47 Stone Mining
22:21 Heavy Plow
22:34 Bow Saw
23:22 Caravan
27:09 Wheelbarrow
28:41 Gold Mining
29:04 Fletching
29:14 Padded Archer Armor
31:40 Hand Cart
34:22 Imperial Age
31:48 Town Watch
32:54 Pikeman
33:34 Squires
33:20 Arson
35:05 Ballistics
34:35 Heated Shot
34:41 Murder Holes
34:46 Halberdier
35:52 Padded Archer Armor
35:48 Bodkin Arrow
36:00 Scale Barding Armor
36:05 Forging
37:15 Chemistry
36:22 Siege Engineers
36:45 Warwolf
36:17 Sappers
37:10 Conscription
37:35 Leather Archer Armor
37:21 Bracer
37:41 Scale Mail Armor
38:12 Elite Longbowman
39:14 Yeomen
39:40 Hoardings
39:30 Treadmill Crane
39:49 Elite Skirmisher
47:07 Ring Archer Armor
47:14 Iron Casting
46:55 Chain Mail Armor
47:00 Chain Barding Armor
48:23 Town Patrol
NebulaTR
0:36 Loom
15:25 Feudal Age
15:49 Fishing Lines
15:42 Man-at-Arms
17:25 Wheelbarrow
17:26 Stone Mining
18:26 Double-Bit Axe
19:01 Horse Collar
24:36 Castle Age
23:25 Bloodlines
25:16 Gillnets
26:10 Stone Shaft Mining
25:26 Gold Mining
26:49 Hand Cart
28:44 Bow Saw
30:28 Medium Warships
31:23 Fletching
31:33 Padded Archer Armor
34:37 Heavy Plow
39:32 Imperial Age
36:28 Elite Skirmisher
39:25 Crossbowman
40:11 Thumb Ring
40:25 Leather Archer Armor
40:10 Scale Mail Armor
40:21 Forging
41:03 Gambesons
40:58 Light Cavalry
41:39 Husbandry
45:21 Chemistry
45:56 Crop Rotation
46:01 Heavy Warships
45:21 Pikeman
46:14 Clinker Construction
46:15 Careening
46:11 Siphons
46:26 Ballistics
46:15 Scale Barding Armor
47:31 Bodkin Arrow
51:42 Bracer
51:58 Chain Mail Armor
52:19 Iron Casting
53:55 Ring Archer Armor
53:56 Plate Mail Armor
Uruz_7
7:04 Loom
9:41 Feudal Age
11:06 Double-Bit Axe
16:59 Castle Age
23:01 Wheelbarrow
22:48 Gold Mining
22:42 Horse Collar
24:49 Husbandry
29:09 Imperial Age
30:16 Conscription
31:38 Bloodlines
30:51 Elite Steppe Lancer
31:39 Caravan
31:49 Stone Mining
33:34 Forging
33:31 Scale Barding Armor
34:34 Town Watch
38:31 Iron Casting
46:01 Drill
47:10 Blast Furnace
46:31 Chain Barding Armor
50:52 Nomads
kailashsaravanaraj
3:31 Loom
11:01 Feudal Age
15:44 Castle Age
13:36 Horse Collar
14:28 Double-Bit Axe
17:30 Fishing Lines
18:43 Bow Saw
18:53 Stone Mining
21:10 Gillnets
25:52 Wheelbarrow
26:57 Hand Cart
27:40 Caravan
29:15 Stone Shaft Mining
28:41 Gold Mining
29:06 Forging
28:57 Scale Mail Armor
28:57 Padded Archer Armor
28:48 Fletching
30:56 Gold Shaft Mining
34:52 Imperial Age
33:33 Sanctity
33:24 Fervor
33:29 Redemption
33:43 Eagle Warrior
34:25 Squires
34:11 Arson
37:04 Conscription
37:08 Medium Warships
37:15 Careening
37:19 Clinker Construction
37:33 Shipwright
38:16 Chemistry
37:39 Ballistics
39:40 Town Watch
41:06 Heavy Warships
42:13 Town Patrol
42:40 Siege Engineers
48:09 Garland Wars
48:37 Murder Holes
48:23 Treadmill Crane
48:55 Fortified Wall
51:03 Atonement
51:19 Block Printing
51:30 Illumination
51:07 Devotion
51:45 Theocracy
51:07 Herbal Medicine
Connection lost

Rejoining the realm…

Still unreachable

The connection could not be restored.

Session expired

The server has moved on; the page needs a fresh start.